[Event "*** SCC Grand Prix: Titled Tuesday Blitz"]
[Site "Chess.com"]
[Date "2020.10.06"]
[Round "8"]
[White "kreonx"]
[Black "Oglob71"]
[Result "0-1"]
[WhiteElo "2360"]
[BlackElo "2507"]
[TimeControl "180+1"]
[EndTime "11:34:56 PDT"]
[Termination "Oglob71 won by checkmate"]

1. e4 c5 2. c4 Nc6 3. Nc3 e6 4. g3 Nf6 5. Bg2 d5 6. exd5 exd5 7. cxd5 Nb4 8. d3 Nbxd5 9. Nge2 Be7 10. O-O O-O 11. h3 Be6 12. d4 Nxc3 13. bxc3 Bd5 14. Nf4 Bxg2 15. Kxg2 cxd4 16. cxd4 Bd6 17. Qf3 Bxf4 18.
Bxf4 b6 19. Bg5 Qxd4 20. Rad1 Qe4 21. Bxf6 Qxf3+ 22. Kxf3 gxf6 23. Rd7 a5 24. Rb1 Rab8 25. Rd6 b5 26. Rd5 Rfc8 27. Rbxb5 Rxb5 28. Rxb5 Rc3+ 29. Kg4 Ra3 30. Rb2 Kg7 31. h4 Kg6 32. h5+ Kh6 33. f4 Kg7 34. Kh4 a4 35. f5 Rf3 36. Rb4 a3 37.
Ra4 h6 38. g4 Kf8 39. Ra7 Ke8 40. Ra8+ Ke7 41. Ra7+ Kd6 42. Rxf7 Ke5 43. Re7+ Kf4 44. Rg7 Rf2 45. Kh3 Rxa2 46. g5 hxg5 47. h6 Ra1 48.
Kh2 Ra2+ 49. Kh3 Rb2 50. h7 a2 51. Rg8 a1=Q 52. h8=Q Qh1# 0-1

[Event "*** SCC Grand Prix: Titled Tuesday Blitz"]
[Site "Chess.com"]
[Date "2020.10.06"]
[Round "8"]
[White "pastouche06"]
[Black "Kildepiotr"]
[Result "1/2-1/2"]
[WhiteElo "2484"]
[BlackElo "2592"]
[TimeControl "180+1"]
[EndTime "11:34:58 PDT"]
[Termination "Game drawn by repetition"]

1. d4 c5 2. d5 e5 3. e4 d6 4. Bb5+ Nd7 5. a4 Be7 6. Nf3 Nf6 7. Nc3 O-O 8. O-O Ne8 9. Bd3 Nc7 10. Nd2 b6 11. Nc4 Ba6 12. Qe2 Bxc4 13. Bxc4 Bg5 14. a5 Bxc1 15. Rfxc1 Qg5 16. Bb5 Nxb5 17. Nxb5 Qe7 18.
axb6 axb6 19. c4 Nf6 20. b3 Rfb8 21. g3 Ne8 22. Qb2 Qb7 23. Rxa8 Rxa8 24. Ra1 Ra6 25.
Rxa6 Qxa6 26. Qa3 Qxa3 27. Nxa3 Nc7 28. f4 exf4 29. gxf4 Kf8 30. Kf2 Ke7 31. e5 Ne8 32. Nb5 f6 33. e6 f5 34. Kf3 Nf6 35. Nc3 Kd8 36. Na4 Kc7 37. Nc3 Kd8 38. Ne2 g6 39. Nc3 h6 40. h4 h5 41. Nb5 Ne4 42. Na7 Nd2+ 43. Ke3 Nxb3 44. Nb5 Ke7 45. Na7 Kd8 46. Nb5 Ke7 47. Na7 Kd8 1/2-1/2

[Event "*** SCC Grand Prix: Titled Tuesday Blitz"]
[Site "Chess.com"]
[Date "2020.10.06"]
[Round "8"]
[White "kasparicy"]
[Black "annamaja"]
[Result "1-0"]
[WhiteElo "2374"]
[BlackElo "2256"]
[TimeControl "180+1"]
[EndTime "11:34:59 PDT"]
[Termination "kasparicy won by resignation"]

1. e4 e6 2. d4 d5 3. Nd2 Nf6 4. e5 Nfd7 5. Bd3 c5 6. c3 Nc6 7. Ngf3 cxd4 8. cxd4 f6 9. O-O fxe5 10. dxe5 Ndxe5 11. Nxe5 Nxe5 12. Qh5+ Nf7 13. Re1 g6 14.
Bb5+ Ke7 15. Qh4+ g5 16. Qh5 Bg7 17. Nf3 Bf6 18. Nxg5 Nd6 19. Ba4 Qa5 20. Bf4 Qxa4 21. Bxd6+ Kxd6 22. Nf7+ Kc7 23. Nxh8 Bxh8 24. Qxh7+ Bd7 25.
Rxe6 Bxb2 26. Rae1 Rh8 27. Qe7 Ba3 28. Qg7 Qh4 29.
h3 Rh5 30. Qc3+ Qc4 31. Qxa3 Bxe6 32. Rxe6 Rh7 33. Qg3+ Kc8 34. Qg8+ Kd7 35. Re1 Re7 36. Qg4+ Qxg4 37. Rxe7+ Kxe7 38. hxg4 Kf6 39. f4 d4 40. Kf2 d3 41. Ke3 b5 42. Kxd3 a5 43. Ke4 Ke6 44. g5 Kd6 45. f5 b4 46. Kd4 a4 47. Kc4 b3 48. axb3 a3 49. Kc3 a2 50. Kb2 1-0

[Event "*** SCC Grand Prix: Titled Tuesday Blitz"]
[Site "Chess.com"]
[Date "2020.10.06"]
[Round "8"]
[White "Tenamu"]
[Black "Unkreativ3"]
[Result "0-1"]
[WhiteElo "2368"]
[BlackElo "2528"]
[TimeControl "180+1"]
[EndTime "11:35:01 PDT"]
[Termination "Unkreativ3 won by resignation"]

1. d4 d5 2. Nc3 Nf6 3. Bf4 Bg4 4. f3 Bh5 5. g4 Bg6 6. h4 h5 7. g5 Ng8 8. e3 e6 9. Bd3 Bd6 10. Bxg6 fxg6 11. Nh3 Ne7 12. Bxd6 cxd6 13. Nf4 Kf7 14. e4 dxe4 15. fxe4 e5 16. Nfd5 Nxd5 17. Nxd5 Re8 18. O-O+ Kg8 19. Qf3 Qd7 20. dxe5 dxe5 21. Rad1 Qc6 22.
Qf7+ Kh8 23. Nc7 Na6 24. Nxa8 Rxa8 25. Qe7 Qb6+ 26. Kh1 Qe3 27. Qxe5 Qh3+ 28. Kg1 Qg4+ 29. Kf2 Rf8+ 30. Ke3 Qh3+ 31. Ke2 Qg2+ 32. Ke3 Rxf1 33. Rd8+ Kh7 34. Qe8 Qf2+ 35. Kd3 Rd1+ 36. Kc3 Qc5+ 0-1

[Event "*** SCC Grand Prix: Titled Tuesday Blitz"]
[Site "Chess.com"]
[Date "2020.10.06"]
[Round "8"]
[White "rududuyk"]
[Black "mirceaparligras"]
[Result "0-1"]
[WhiteElo "2171"]
[BlackElo "2637"]
[TimeControl "180+1"]
[EndTime "11:35:02 PDT"]
[Termination "mirceaparligras won on time"]

1. e4 c5 2. Nc3 d6 3. f4 Nc6 4.
Nf3 g6 5. Bc4 Bg7 6. O-O e6 7.
d3 Nge7 8. Qe1 O-O 9. f5 gxf5 10.
Bg5 f6 11. Bd2 fxe4 12. dxe4 Ng6 13. Rd1 Qe7 14. Qg3 Nge5 15. Bb3 c4 16. Ba4 Nxf3+ 17. Rxf3 Ne5 18. Rf4 a6 19. Rh4 b5 20.
Qh3 Qf7 21. Rxh7 Qg6 22. Rh4 bxa4 23. Bf4 f5 24. Rxd6 Rb8 25. Bh6 Rxb2 26. Bxg7 Qxg7 27. Qe3 Rxc2 28. Rh3 Ng4 0-1

[Event "*** SCC Grand Prix: Titled Tuesday Blitz"]
[Site "Chess.com"]
[Date "2020.10.06"]
[Round "8"]
[White "nrvisakh"]
[Black "johnathan113"]
[Result "1-0"]
[WhiteElo "2781"]
[BlackElo "2611"]
[TimeControl "180+1"]
[EndTime "11:35:03 PDT"]
[Termination "nrvisakh won on time"]

1. e4 c5 2. Nf3 g6 3. g3 Bg7 4. Bg2 Nc6 5. O-O d6 6. c3 Bg4 7.
Re1 e6 8. d3 Nge7 9. Nbd2 O-O 10. h3 Bxf3 11. Nxf3 Rb8 12. d4 cxd4 13. cxd4 Rc8 14.
Bg5 h6 15. Be3 d5 16. e5 Nf5 17. Qd2 Qb6 18. Rac1 Na5 19. b3 Nc6 20. Rc5 Rfd8 21. Rec1 Bf8 22. R5c2 Ba3 23. Rd1 Kh7 24. Ne1 Bb4 25. Qc1 Nxe3 26. fxe3 Bxe1 27. Rxe1 Ne7 28. Ree2 Qa6 29. Bf1 Qa5 30. g4 g5 31. Rf2 Kg7 32. Qd1 Ng6 33. Qf3 f5 34. gxf5 Nh4 35. f6+ Kg8 36.
f7+ Kf8 37. Qf6 Rxc2 38. Qh8+ Ke7 39. f8=Q+ 1-0

[Event "*** SCC Grand Prix: Titled Tuesday Blitz"]
[Site "Chess.com"]
[Date "2020.10.06"]
[Round "8"]
[White "chessplayer9919"]
[Black "Semetey"]
[Result "0-1"]
[WhiteElo "2603"]
[BlackElo "2499"]
[TimeControl "180+1"]
[EndTime "11:35:06 PDT"]
[Termination "Semetey won on time"]

1. e4 e5 2. Nf3 Nc6 3. d4 exd4 4. Nxd4 Nf6 5. Nc3 Bb4 6. Nxc6 bxc6 7. Bd3 O-O 8. O-O d5 9. exd5 cxd5 10. Qf3 h6 11. h3 c6 12. Ne2 Re8 13. Nd4 Qb6 14. c3 Bc5 15. Bxh6 Bxd4 16. cxd4 Qxd4 17. Rad1 Qxb2 18.
Qg3 Nh5 19. Qh4 Nf6 20. Rfe1 Bd7 21. Qg5 Nh7 22. Qg3 Qf6 23. Bd2 Bf5 24. Bf1 Nf8 25.
Bc3 Qg6 26. Qf4 Bxh3 27. Rxe8 Rxe8 28. Rd3 Re1 29. Rxh3 Qb1 30. Rh8+ Kxh8 31. Qh6+ Qh7 32.
Bxg7+ Kg8 33. Bxf8 Qxh6 34. Bxh6 Ra1 35. g4 Rxa2 36.
Bd3 a5 37. Kg2 a4 38. g5 a3 39. g6 Rxf2+ 40. Kxf2 a2 41. gxf7+ Kxf7 0-1

[Event "*** SCC Grand Prix: Titled Tuesday Blitz"]
[Site "Chess.com"]
[Date "2020.10.06"]
[Round "8"]
[White "Tsyhanchuk_Stanislav"]
[Black "Sacbutt"]
[Result "0-1"]
[WhiteElo "2365"]
[BlackElo "2288"]
[TimeControl "180+1"]
[EndTime "11:35:06 PDT"]
[Termination "Sacbutt won by checkmate"]

1. g4 e6 2. Bg2 d5 3. d4 c5 4. c3 Nc6 5. Bf4 Nf6 6. g5 Nd7 7. Nf3 Be7 8. h4 cxd4 9. cxd4 Qa5+ 10. Nc3 Bb4 11. Bd2 Nb6 12. a3 Bxc3 13. Bxc3 Qa4 14.
Qd2 Nc4 15. Qf4 Qc2 16. O-O O-O 17. h5 Bd7 18. h6 f6 19. hxg7 Kxg7 20. Qg3 fxg5 21.
Nxg5 Qg6 22. e4 Ne7 23. Bb4 Rae8 24. exd5 exd5 25. Rfe1 Rf5 26. Rxe7+ Rxe7 27. Bxe7 Nd2 28. Bd6 Rxg5 29. Be5+ Kf8 30. Qf4+ Bf5 31. Qxd2 Rxg2+ 32. Kf1 Rg1+ 33. Ke2 Rxa1 34. Qb4+ Kg8 35. Qe7 Bg4+ 36.
Kd2 Qh6+ 37. Kc2 Qc1+ 38. Kb3 Qc4# 0-1

[Event "*** SCC Grand Prix: Titled Tuesday Blitz"]
[Site "Chess.com"]
[Date "2020.10.06"]
[Round "8"]
[White "RobertoJBM"]
[Black "nocnypako"]
[Result "0-1"]
[WhiteElo "2720"]
[BlackElo "2571"]
[TimeControl "180+1"]
[EndTime "11:35:10 PDT"]
[Termination "nocnypako won on time"]

1. d4 Nf6 2. c4 g6 3. Nc3 d5 4. cxd5 Nxd5 5. e4 Nxc3 6. bxc3 Bg7 7. Bc4 O-O 8. Ne2 c5 9. O-O Nc6 10. Be3 Na5 11. Bd3 b6 12. f3 e5 13. d5 f5 14. c4 f4 15. Bf2 g5 16. Nc3 h5 17.
Re1 g4 18. Kh1 Qg5 19. Qe2 Bf6 20. g3 Kh8 21. Rg1 Rg8 22. Raf1 gxf3 23. Qd1 Bh3 24. Re1 Qg4 25. Bf1 Bxf1 26. Rexf1 Nxc4 27. gxf4 Qh3 28. Qd3 exf4 29. Nd1 Rg2 0-1

[Event "*** SCC Grand Prix: Titled Tuesday Blitz"]
[Site "Chess.com"]
[Date "2020.10.06"]
[Round "8"]
[White "Snegokhod"]
[Black "FMJoseHerrera"]
[Result "0-1"]
[WhiteElo "2401"]
[BlackElo "2556"]
[TimeControl "180+1"]
[EndTime "11:35:11 PDT"]
[Termination "FMJoseHerrera won by checkmate"]

1. e4 c5 2. Nf3 e6 3. d3 b6 4. g3 Bb7 5. Bg2 Qc7 6. O-O d6 7. Re1 Nd7 8. c3 Ngf6 9. a4 a6 10.
Nbd2 Be7 11. Nc4 O-O 12. Bf4 Rfd8 13. Qe2 b5 14. Nxd6 Bxd6 15. e5 Nxe5 16. Bxe5 Bxe5 17.
Nxe5 Bxg2 18. Kxg2 h6 19. Qf3 Nd5 20. axb5 axb5 21.
Rxa8 Rxa8 22. c4 bxc4 23. dxc4 Nb6 24. b3 Rb8 25. Nc6 Rc8 26. Ne5 Rb8 27. Qf4 f6 28. Ng6 Qxf4 29. Nxf4 e5 30. Ne6 Nd7 31. Rd1 Kf7 32.
Nxg7 Nf8 33. Nf5 Kg6 34. g4 h5 35. h3 hxg4 36. hxg4 Rxb3 37. Rd5 Ne6 38. Rd6 Nf4+ 39. Kh2 Kg5 40. Rc6 Kxg4 41. Ne3+ Kf3 42. Rxc5 Kxf2 43. Nd5 Rh3# 0-1

[Event "*** SCC Grand Prix: Titled Tuesday Blitz"]
[Site "Chess.com"]
[Date "2020.10.06"]
[Round "8"]
[White "kot60"]
[Black "MusicCityMaster"]
[Result "1-0"]
[WhiteElo "2423"]
[BlackElo "2311"]
[TimeControl "180+1"]
[EndTime "11:35:11 PDT"]
[Termination "kot60 won by resignation"]

1. e4 c5 2. Nc3 d6 3. Bc4 e6 4. d3 Nf6 5. Nge2 Be7 6. O-O a6 7. a4 O-O 8. h3 d5 9. exd5 exd5 10.
Bb3 Nc6 11. Bg5 Be6 12. Nf4 Nd4 13. Bxf6 Bxf6 14. Bxd5 Qd6 15. Nxe6 fxe6 16. Be4 g6 17. Ne2 Nf5 18. c3 Rad8 19. Qb3 Rf7 20. Rad1 Nh4 21.
f4 Rdf8 22. a5 Bd8 23. Qa4 g5 24. d4 gxf4 25. dxc5 Qxc5+ 26. Qd4 Qg5 27. Kh1 f3 28. Qg1 fxe2 29. Rxf7 Rxf7 30. Re1 Qg3 31. Rxe2 Bc7 32. Re1 Rf2 33. Bxb7 Nf3 34. Bxf3 Rxf3 35. gxf3 Kf7 36. Qxg3 Bxg3 37. Re4 e5 38. Rc4 Kf6 39. Rc6+ Kf5 40. Rxa6 1-0

[Event "*** SCC Grand Prix: Titled Tuesday Blitz"]
[Site "Chess.com"]
[Date "2020.10.06"]
[Round "8"]
[White "AldokhinIvan"]
[Black "SanchezKelvin"]
[Result "1-0"]
[WhiteElo "2551"]
[BlackElo "2392"]
[TimeControl "180+1"]
[EndTime "11:35:13 PDT"]
[Termination "AldokhinIvan won by checkmate"]

1. e4 c5 2. Nf3 d6 3. d4 cxd4 4. Nxd4 Nf6 5. Nc3 g6 6. Bc4 Bg7 7. Bb3 O-O 8. h3 Nc6 9. Be3 Bd7 10. O-O Nxd4 11. Bxd4 Bc6 12. Re1 a5 13. a4 Nd7 14.
Bxg7 Kxg7 15. Qd4+ Kg8 16. Rad1 Qb6 17. Nd5 Bxd5 18.
Bxd5 Rab8 19. Qxb6 Nxb6 20. Bb3 Rfd8 21. f4 Kf8 22. Rd4 e5 23. fxe5 dxe5 24. Rxd8+ Rxd8 25. Rf1 Rd7 26. Rf6 Nc8 27. Rf3 Kg7 28. g4 f6 29. Rc3 Ne7 30. Be6 Rd6 31. Bb3 Nc6 32. Bd5 Kf8 33. Rc5 Nb4 34. Bb3 b6 35. Rc8+ Kg7 36. Rc7+ Kh6 37. h4 f5 38. Bg8 g5 39.
Rxh7+ Kg6 40. gxf5+ Kf6 41. Rf7# 1-0

[Event "*** SCC Grand Prix: Titled Tuesday Blitz"]
[Site "Chess.com"]
[Date "2020.10.06"]
[Round "8"]
[White "GiantThresher"]
[Black "SergeyKarjakin"]
[Result "1-0"]
[WhiteElo "2810"]
[BlackElo "2925"]
[TimeControl "180+1"]
[EndTime "11:35:15 PDT"]
[Termination "GiantThresher won by checkmate"]

1. e4 c5 2. Nf3 d6 3. Bb5+ Nd7 4. Ba4 Nf6 5. O-O a6 6. c4 e6 7. Nc3 Be7 8. d4 cxd4 9. Qxd4 O-O 10. Rd1 Qc7 11.
Bxd7 Bxd7 12. Bf4 Bc6 13. Bxd6 Bxd6 14. Qxd6 Qxd6 15. Rxd6 Bxe4 16. Ne5 Rac8 17. Rad1 h6 18. f3 Bh7 19. b4 g5 20. c5 Rc7 21. Kf2 Kg7 22. R1d2 a5 23. Nb5 Rcc8 24. a3 axb4 25. axb4 Nd5 26. Rd7 Nxb4 27. Nd6 Rxc5 28. Ndxf7 Ra8 29.
Nxg5+ Kf6 30. Nxh7+ Kxe5 31. Re2+ Kf5 32. g4+ Kf4 33.
Re4# 1-0

[Event "*** SCC Grand Prix: Titled Tuesday Blitz"]
[Site "Chess.com"]
[Date "2020.10.06"]
[Round "8"]
[White "GMaka"]
[Black "Lion-Al-Messi"]
[Result "0-1"]
[WhiteElo "2372"]
[BlackElo "2533"]
[TimeControl "180+1"]
[EndTime "11:35:15 PDT"]
[Termination "Lion-Al-Messi won by resignation"]

1. Nf3 d5 2. c4 d4 3. e3 c5 4. exd4 cxd4 5. d3 Nc6 6. g3 e5 7. Bg2 Nf6 8. O-O Bg4 9. h3 Bh5 10. Re1 Bd6 11. g4 Bg6 12. Nxe5 Nxe5 13. f4 Nd7 14. fxe5 Bxe5 15. Bf4 f6 16. Bxb7 O-O 17. Bxe5 Nxe5 18. Be4 Rb8 19. b3 Qa5 20. Nd2 Nxd3 21. Bxd3 Bxd3 22. Nf3 Bg6 23. Qxd4 Rbd8 24. Qf4 Rd3 25.
Re2 Rfd8 26. Rae1 h5 27. Nh4 Bf7 28. Re3 hxg4 29. hxg4 R8d4 30. Qf5 Qxf5 31. Nxf5 Rxg4+ 32. Kh2 Rd8 33. Ng3 Bg6 34. Re7 Rf4 35. Kg2 Rg4 36.
Kf3 Rg5 37. Ne4 Rd3+ 38. Ke2 Bxe4 39. Rxe4 Rc3 40. Kd2 Rh3 41. Re8+ Kh7 42. R1e2 a5 43. Rb8 Rgg3 44. Rb5 Rd3+ 45. Kc2 a4 46. c5 a3 47. Rf2 Rc3+ 48. Kd2 Rhd3+ 49. Ke2 Rd5 50. Rh2+ Kg6 51.
b4 Rc2+ 52. Ke3 Rxh2 0-1

[Event "*** SCC Grand Prix: Titled Tuesday Blitz"]
[Site "Chess.com"]
[Date "2020.10.06"]
[Round "8"]
[White "MVM2008"]
[Black "mhennigan"]
[Result "1-0"]
[WhiteElo "2242"]
[BlackElo "2401"]
[TimeControl "180+1"]
[EndTime "11:35:16 PDT"]
[Termination "MVM2008 won on time"]

1. e4 g6 2. d4 Bg7 3. c3 d6 4. Nf3 Nf6 5. Nbd2 O-O 6. g3 Nc6 7. Bg2 e5 8. d5 Ne7 9. O-O Nd7 10. Re1 h6 11. c4 a5 12. h4 f5 13. h5 f4 14.
gxf4 Rxf4 15. Nf1 Rf7 16. Ng3 g5 17. Nh2 Qf8 18. Be3 Rf4 19. Bxf4 exf4 20. Nf5 Nxf5 21.
exf5 Ne5 22. Ng4 Bxf5 23. Nxe5 Bxe5 24. Be4 Bd7 25. Qc2 Qf6 26. Bh7+ Kh8 27. Qg6 Bxb2 28. Rab1 b6 29. Rxb2 Qxb2 30. Re7 1-0

[Event "*** SCC Grand Prix: Titled Tuesday Blitz"]
[Site "Chess.com"]
[Date "2020.10.06"]
[Round "8"]
[White "Trickov"]
[Black "gagtemp"]
[Result "1-0"]
[WhiteElo "2379"]
[BlackElo "1954"]
[TimeControl "180+1"]
[EndTime "11:35:16 PDT"]
[Termination "Trickov won on time"]

1. d4 e6 2. Nf3 d5 3. g3 c5 4. Bg2 Nc6 5. O-O Nf6 6. c4 Be7 7.
cxd5 exd5 8. Nc3 O-O 9. Bf4 cxd4 10. Nxd4 Re8 11. Rc1 Bg4 12. h3 Be6 13. Nxe6 fxe6 14. Qb3 Na5 15. Qa4 b6 16. Rfd1 Rc8 17. e4 Rc4 18.
Qb5 Rc5 19. Qa6 Nc4 20. b3 Ra5 21. Qb7 Ba3 22. bxc4 Bxc1 23. Bxc1 d4 24. Nb5 Re7 25. Qc6 d3 26. e5 Ne8 27. Bg5 Qd7 28. Bxe7 Qxe7 29. Rxd3 Rxa2 30. Rd7 Ra1+ 31. Kh2 Qf8 32. Qxe6+ Kh8 33. Rd8 1-0

[Event "*** SCC Grand Prix: Titled Tuesday Blitz"]
[Site "Chess.com"]
[Date "2020.10.06"]
[Round "8"]
[White "Rital44"]
[Black "Borsuk_Konstantin"]
[Result "0-1"]
[WhiteElo "2438"]
[BlackElo "2562"]
[TimeControl "180+1"]
[EndTime "11:35:17 PDT"]
[Termination "Borsuk_Konstantin won on time"]

1. e4 e6 2. d4 d5 3. e5 c5 4. c3 Nc6 5. Nf3 Qb6 6. Bd3 Bd7 7. O-O cxd4 8. cxd4 Nxd4 9. Nbd2 Nxf3+ 10. Nxf3 Ne7 11. Be3 Qb4 12. a3 Qa4 13. b3 Qa5 14. b4 Qa4 15.
Bc2 Qa6 16. a4 b6 17. Bd3 Qb7 18. Ng5 Nf5 19. Bd2 h6 20. Qh5 g6 21. Qh3 Bg7 22.
Nf3 h5 23. Rae1 Bxa4 24. Ng5 a6 25. Bxf5 gxf5 26. Qg3 Bf8 27. Qh4 Bb5 28. g4 fxg4 29. f3 Bxf1 30. Rxf1 gxf3 31. Rxf3 Be7 32. Qf2 Bxg5 33.
Bxg5 Rg8 34. h4 Rc8 35. Kh2 Rc4 36. b5 a5 37. Rf6 Qc7 38. Qe3 Qc5 39. Qf3 Rc2+ 40.
Kh1 Qc7 0-1

[Event "*** SCC Grand Prix: Titled Tuesday Blitz"]
[Site "Chess.com"]
[Date "2020.10.06"]
[Round "8"]
[White "DishonorOnYourCow"]
[Black "szefru"]
[Result "0-1"]
[WhiteElo "2395"]
[BlackElo "2212"]
[TimeControl "180+1"]
[EndTime "11:35:18 PDT"]
[Termination "szefru won by checkmate"]

1. d4 Nf6 2. c4 g6 3. Nc3 Bg7 4. e4 d6 5. f4 O-O 6. Nf3 c5 7. d5 e6 8. dxe6 Bxe6 9. Bd3 Nc6 10. f5 Bc8 11. O-O Ne5 12. Bg5 h6 13. Bf4 Re8 14.
fxg6 fxg6 15. Nd5 Nxd5 16. exd5 Nxd3 17. Qxd3 Bf5 18. Qd2 Qf6 19. Bxh6 Qxb2 20. Bxg7 Qxg7 21. Rae1 Qf6 22. Qh6 Qg7 23. Qf4 Qf6 24. Nh4 Rxe1 25. Rxe1 Rf8 26. Rf1 g5 27. Qg3 Qd4+ 28. Rf2 Qxh4 29.
Qxd6 Re8 30. Rxf5 Re1+ 31. Rf1 Qd4+ 32. Kh1 Rxf1# 0-1

[Event "*** SCC Grand Prix: Titled Tuesday Blitz"]
[Site "Chess.com"]
[Date "2020.10.06"]
[Round "8"]
[White "Rogarcia1"]
[Black "SamuelGhimpu2003"]
[Result "0-1"]
[WhiteElo "2201"]
[BlackElo "2523"]
[TimeControl "180+1"]
[EndTime "11:35:20 PDT"]
[Termination "SamuelGhimpu2003 won by resignation"]

1. e4 e6 2. d4 d5 3. e5 c5 4. c3 Qb6 5. Nf3 Bd7 6. Be2 Nc6 7. O-O cxd4 8. cxd4 Nh6 9. Bxh6 Qxb2 10. Be3 Qxa1 11. Qb3 Na5 12. Qc2 Rc8 13. Qd2 Nc4 14. Bxc4 Rxc4 15. Qa5 Qb2 16. Qxa7 Be7 17. Nbd2 Rc8 18. Rb1 Rc1+ 19. Rxc1 Qxc1+ 20. Nf1 Qc8 21. h3 O-O 22. N1d2 Qa8 23. Qb6 Bc6 24. Qb1 Qa3 25.
Bg5 Ra8 26. Bxe7 Qxe7 27. Nb3 b6 28. Qc2 Bb5 29. h4 h6 30. Nc1 Bc4 31. Nd2 Qb4 32. Ncb3 b5 33. Nc5 Rxa2 34. Qb1 Qxd2 0-1

[Event "*** SCC Grand Prix: Titled Tuesday Blitz"]
[Site "Chess.com"]
[Date "2020.10.06"]
[Round "8"]
[White "nitpicker"]
[Black "dosto07"]
[Result "0-1"]
[WhiteElo "2234"]
[BlackElo "2342"]
[TimeControl "180+1"]
[EndTime "11:35:20 PDT"]
[Termination "dosto07 won on time"]

1. d4 d5 2. c4 dxc4 3. e4 e5 4. Nf3 exd4 5. Bxc4 Nc6 6. O-O Be6 7. Bxe6 fxe6 8. Bf4 Qd7 9. Nbd2 O-O-O 10. Rc1 Nge7 11. Qa4 Ng6 12. Bg5 Be7 13. Bxe7 Ngxe7 14. b4 Kb8 15. Nc4 Ng6 16. b5 Nce7 17. Na5 Nf4 18. Nc6+ bxc6 19. bxc6 Nxc6 20. Rxc6 Ne2+ 21. Kh1 Nc3 22. Qa6 Qc8 23. Qc4 Rd6 24. Nxd4 Nxe4 25. Nb5 Rxc6 26. Qxc6 Qb7 27. Qc4 Rd8 28. Rb1 Nd2 0-1

[Event "*** SCC Grand Prix: Titled Tuesday Blitz"]
[Site "Chess.com"]
[Date "2020.10.06"]
[Round "8"]
[White "tornikesanikidze"]
[Black "GigaQuparadze"]
[Result "1-0"]
[WhiteElo "2674"]
[BlackElo "2989"]
[TimeControl "180+1"]
[EndTime "11:35:21 PDT"]
[Termination "tornikesanikidze won by resignation"]

1. d4 Nf6 2. c4 e6 3. Nf3 b6 4.
a3 c6 5. Nc3 d5 6. Bg5 Be7 7. e3 O-O 8. Qc2 Bb7 9. Bd3 Nbd7 10. O-O Rc8 11. Rfd1 h6 12. Bh4 c5 13. cxd5 Nxd5 14.
Bg3 cxd4 15. Nxd4 a6 16. Nde2 Qe8 17. Qd2 Nc5 18. Bc2 Rd8 19. Nd4 Bf6 20. Nxd5 Rxd5 21. b4 e5 22. bxc5 exd4 23. Qd3 g6 24. Bb3 Rd8 25. Qxg6+ Bg7 26. exd4 Be4 27. Qxb6 Rxd4 28. h3 Ba8 29. Rxd4 Bxd4 30. Qg6+ Bg7 31. Rd1 Kh8 32.
Qf5 Qc6 33. Qd5 Qb5 34. Qc4 Qc6 35. f3 Qg6 36. Kh2 Rg8 37. Rd6 Qg5 38. Qxf7 Rf8 39. Qg6 Qe3 40. Bc2 1-0

[Event "*** SCC Grand Prix: Titled Tuesday Blitz"]
[Site "Chess.com"]
[Date "2020.10.06"]
[Round "8"]
[White "Andreikka"]
[Black "emiliocordova"]
[Result "1-0"]
[WhiteElo "2899"]
[BlackElo "2792"]
[TimeControl "180+1"]
[EndTime "11:35:21 PDT"]
[Termination "Andreikka won by resignation"]

1. c4 e5 2. Nc3 Nc6 3. g3 Bc5 4. Bg2 d6 5. e3 Bf5 6. d3 Qd7 7. a3 a5 8. h3 Nge7 9. Nge2 O-O 10. b3 h6 11. Bb2 Rae8 12. Qd2 Rb8 13. g4 Bh7 14. Ng3 f5 15. gxf5 Nxf5 16. Nxf5 Bxf5 17.
O-O-O a4 18. b4 Nxb4 19. axb4 Bxb4 20. Qc2 a3 21. Ba1 c5 22. Kd2 Bxh3 23. Bd5+ Be6 24.
Ke2 b5 25. Rdg1 Bxc3 26. Qxc3 b4 27. Qb3 Bxd5 28. cxd5 Qf5 29. Rh2 Qf3+ 30. Ke1 Rf6 31. Rg3 Qf5 32. Rhg2 Rb7 33. Qa4 Kh7 34. Ke2 Qh5+ 35. Ke1 Rbf7 36. Qc2 Qf5 37. Kf1 Rb7 38. Qa4 Rff7 39. Qb3 Qh5 40. Kg1 Rf5 41. Rg4 Rbf7 42.
Qc4 Rxf2 43. Rxf2 1-0

[Event "*** SCC Grand Prix: Titled Tuesday Blitz"]
[Site "Chess.com"]
[Date "2020.10.06"]
[Round "8"]
[White "BigAl"]
[Black "K_A_S_T_O_R"]
[Result "1-0"]
[WhiteElo "2523"]
[BlackElo "2715"]
[TimeControl "180+1"]
[EndTime "11:35:21 PDT"]
[Termination "BigAl won by resignation"]

1. e4 c5 2. Nc3 d6 3. f4 g6 4. Nf3 Bg7 5. Bb5+ Bd7 6. a4 e6 7. O-O Ne7 8. d4 cxd4 9. Nxd4 Nbc6 10. Nf3 Qc7 11. Bd3 a6 12. Be3 O-O 13. Kh1 Nb4 14.
a5 Rac8 15. Bb6 Qb8 16. Qe1 Nxd3 17. cxd3 e5 18. Qh4 f6 19. Rf2 Rce8 20. Raf1 Be6 21.
d4 Bc4 22. Rd1 Nc8 23. fxe5 Nxb6 24. axb6 dxe5 25. dxe5 fxe5 26. Rd7 h6 27. Qg3 Rf6 28. Rfd2 Rxb6 29. Nh4 Bf7 30. Nd5 Rc6 31. h3 Bf8 32.
Rf2 Bxd5 33. Nxg6 Rc1+ 34. Kh2 Bg7 35. Nh4 1-0

[Event "*** SCC Grand Prix: Titled Tuesday Blitz"]
[Site "Chess.com"]
[Date "2020.10.06"]
[Round "8"]
[White "Sueetin"]
[Black "WPWPWP-2015"]
[Result "1-0"]
[WhiteElo "2320"]
[BlackElo "2437"]
[TimeControl "180+1"]
[EndTime "11:35:22 PDT"]
[Termination "Sueetin won on time"]

1. d4 d5 2. c4 dxc4 3. e3 Nf6 4. Bxc4 e6 5. Nf3 c5 6. O-O a6 7. Qe2 Nc6 8. Rd1 cxd4 9. exd4 Be7 10. Nc3 O-O 11.
a3 b5 12. Ba2 Bb7 13. d5 exd5 14. Nxd5 Nxd5 15. Rxd5 Qc7 16. Rh5 g6 17. Rh6 Bf6 18. Be3 Ne5 19. Ng5 Rfe8 20. Nxh7 Bg7 21. Rh3 Qc6 22.
f3 Nc4 23. Bxc4 bxc4 24. Qf2 Qd5 25. Re1 Rad8 26. Kh1 c3 27. bxc3 Bxc3 28. Rf1 Qd3 29. Bg5 Re2 30. Nf6+ Bxf6 31. Bxf6 1-0

[Event "*** SCC Grand Prix: Titled Tuesday Blitz"]
[Site "Chess.com"]
[Date "2020.10.06"]
[Round "8"]
[White "Beca95"]
[Black "Sibelephant"]
[Result "0-1"]
[WhiteElo "2906"]
[BlackElo "3100"]
[TimeControl "180+1"]
[EndTime "11:35:23 PDT"]
[Termination "Sibelephant won on time"]

1. d4 d5 2. c4 c6 3. Nc3 Nf6 4. Nf3 e6 5. Qd3 Nbd7 6. Bf4 Be7 7. g4 h6 8. Rg1 Qa5 9. Bd2 Qa6 10. g5 dxc4 11.
Qc2 hxg5 12. Rxg5 g6 13. e4 b5 14. a4 Bb7 15. d5 cxd5 16. Nxb5 Rc8 17. exd5 Bxd5 18.
Nfd4 Ne4 19. Rg1 Rxh2 20. Be3 Ne5 21. O-O-O Kf8 22. Kb1 Nc5 23. Nc3 Ned3 24. Nxd5 exd5 25. Bxd3 Nxd3 26. Nb5 Bf6 27. Rxd3 cxd3 28. Qxd3 Qe6 29. Bf4 Rxf2 0-1

[Event "*** SCC Grand Prix: Titled Tuesday Blitz"]
[Site "Chess.com"]
[Date "2020.10.06"]
[Round "8"]
[White "QuintilianoR"]
[Black "TrickyFortem"]
[Result "1/2-1/2"]
[WhiteElo "2582"]
[BlackElo "2481"]
[TimeControl "180+1"]
[EndTime "11:35:24 PDT"]
[Termination "Game drawn by agreement"]

1. Nf3 e6 2. c4 f5 3. Nc3 Nf6 4.
g3 d5 5. Bg2 c6 6. O-O Bd6 7. d3 O-O 8. e4 Nbd7 9. Re1 fxe4 10. dxe4 Bb4 11. exd5 exd5 12. Qb3 a5 13. cxd5 Nc5 14.
Qc2 Nxd5 15. Ng5 Bf5 16. Nge4 Nxe4 17. Bxe4 Bxe4 18. Rxe4 Nxc3 19. bxc3 Bc5 20. Be3 Bxe3 21. Rxe3 Qf6 22. Rae1 Rad8 23. R1e2 b5 24. a4 h5 25. axb5 cxb5 26. Qb3+ Rf7 27. Qxb5 Rd1+ 28. Kg2 g6 29. h4 Ra1 30. Re8+ Kh7 31. Qd5 a4 32. R8e6 Qxc3 33. R6e3 Qf6 34. Qxf7+ Qxf7 35. Re7 Kg7 36. R2e5 a3 37.
Rxf7+ Kxf7 38. Ra5 Kf6 39. Ra6+ Kf5 40. f3 a2 41. Ra5+ Ke6 42. g4 hxg4 43. fxg4 Kd6 44. h5 gxh5 45. gxh5 Ke6 46. h6 Kf7 47. Ra6 Kg8 48.
Kh2 Kh7 49. Kg2 Rb1 50. Rxa2 Kxh6 51. Rf2 Kg5 52. Rf1 Rb4 53. Rf3 Kg4 54. Rg3+ Kf4 55. Rf3+ Ke4 56. Rf2 Rb3 1/2-1/2